 Dungeon Crawl Stone Soup version 0.24.1-4-ge52af88ad5 (console) character file.

Game seed: 768870584548919247, levelgen mode: deterministic

942 Kloppie the Slasher (level 8, -16/54 HPs)
             Began as a Halfling Fighter on Apr 16, 2020.
             Demolished by a very large slime creature (47 damage)
             ... on level 5 of the Dungeon.
             The game lasted 00:07:29 (3745 turns).

Kloppie the Slasher (Halfling Fighter)              Turns: 3745, Time: 00:07:29

Health: -16/54     AC: 10    Str: 19    XL:     8   Next: 34%
Magic:  8/8        EV: 10    Int:  6    God:
Gold:   235        SH:  9    Dex: 14    Spells: 7/7 levels left

rFire    + . .     SeeInvis .   a - +0 long sword
rCold    + . .     Gourm    .   c - +0 shield
rNeg     . . .     Faith    .   u - +0 ring mail {rF+}
rPois    .         Spirit   .   z - +0 helmet
rElec    .         Reflect  .   (no cloak)
rCorr    .         Harm     .   i - +0 pair of gloves
MR       .....                  d - +0 pair of boots
Stlth    +.........             (no amulet)
HPRegen  0.18/turn              g - ring of protection from cold
MPRegen  0.11/turn              (no ring)

@: no status effects
A: small, mutation resistance 1
a: no special abilities


You were on level 5 of the Dungeon.
You were not hungry.

You visited 1 branch of the dungeon, and saw 5 of its levels.

You collected 235 gold pieces.

Inventory:

Hand Weapons
 a - a +0 long sword (weapon)
Armour
 c - a +0 shield (worn)
 d - a +0 pair of boots (worn)
 i - a +0 pair of gloves (worn)
 u - a +0 ring mail of fire resistance (worn)
 z - a +0 helmet (worn)
Jewellery
 g - a ring of protection from cold (left hand)
 k - an uncursed amulet of guardian spirit {unknown}
Wands
 j - a wand of disintegration (14)
 v - a wand of iceblast (6)
Scrolls
 e - 3 scrolls of identify {unknown}
 h - 5 scrolls of remove curse {unknown}
 n - 2 scrolls of immolation {unknown}
 q - 2 scrolls of enchant weapon {unknown}
 x - 2 scrolls of teleportation {unknown}
 y - a scroll of enchant armour {unknown}
 B - a scroll of magic mapping {unknown}
Potions
 b - a potion of brilliance {unknown}
 l - a potion of berserk rage {unknown}
 m - 2 potions of curing
 o - a potion of heal wounds {unknown}
 p - 3 potions of degeneration {unknown}
 r - a potion of haste {unknown}
 s - 2 potions of resistance {unknown}
 t - 2 potions of flight {unknown}
 w - a potion of might
 A - a potion of agility {unknown}
Comestibles
 f - 5 rations


   Skills:
 + Level 4.6 Fighting
 + Level 6.6 Long Blades
 - Level 6.2 Armour
 - Level 3.2 Shields


You had 7 spell levels left.
You didn't know any spells.
Your spell library was empty.

Dungeon Overview and Level Annotations

Branches:
Dungeon (5/15)
 Temple: D:4-7

Altars:
Uskayaw

Annotations:
D:4 2 transporters, monokles's ghost, novice DsNe


Innate Abilities, Weirdness & Mutations

You are small and have problems with some larger weapons.
You are somewhat resistant to further mutation.


Message History

Found three bat skeletons, two rat skeletons and 23 gold pieces.
There is an open door here.
You see here a big kobold corpse.
Okay, then.
You eat one of the 6 rations.
That ration really hit the spot!
You slash the jelly!
Your hands burn!
The jelly is heavily wounded.
The jelly barely misses you.
You hit the jelly.
Your hands burn!
The jelly is severely wounded.
You block the jelly's attack.
The very large slime creature jiggles.
You slash the jelly!
You kill the jelly!
The very large slime creature closely misses you.
You see here a big kobold corpse.
Your shield prevents you from hitting the very large slime creature.
The very large slime creature hits you!!!
Ouch! That really hurt!
You die...

##'('###..# #######
##...####.# #......
##.....###.####<#####
#......^##.##......##
#.......##.##........
#.......##...........
#.......##...#..##.##
####....###..#..##.#
##..'...[# #.....##.#
#.########
##.#..##.##
##(..@J.##
#.......... #######J#
##.#.....##
...P÷..P.##....###.#
.÷.J.....###..## #.#
.J.J.÷.÷.# #..# #.#
÷J...J.÷.###..# #.#
...J.....##...# #.#
$P.P÷P.P.####.## #.#
########## #...###.##
#......... #..#
#...###.##


You could see a very large slime creature and an ooze.

Vanquished Creatures
  2 ogres (D:5)
  A phantom (D:5)
  3 big kobolds (D:5)
  A crimson imp (D:5)
  A bullfrog zombie (D:5)
  3 jellies (D:5)
  A bullfrog skeleton (D:5)
  A hound (D:4)
  2 orc wizards (D:2)
  Jessica (D:2)
  A worker ant (D:4)
  6 adders
  An ooze (D:5)
  An adder zombie (D:5)
  An adder skeleton (D:5)
  2 worms
  A dart slug (D:1)
  4 leopard geckos
  5 orcs
  A ball python (D:4)
  3 giant cockroaches (D:1)
  6 goblins
  4 hobgoblins
  10 jackals
  2 quokkas
  6 bats
  5 frilled lizards
  A jackal skeleton (D:4)
  8 kobolds
  7 rats
91 creatures vanquished.

Vanquished Creatures (others)
  A fungus (D:5)
  8 toadstools (D:5)
9 creatures vanquished.

Grand Total: 100 creatures vanquished

Notes
Turn   | Place    | Note
-------+----------+-------------------------------------------
     0 | D:1      | Kloppie the Halfling Fighter began the quest for the Orb.
     0 | D:1      | Reached XP level 1. HP: 15/15 MP: 1/1
    39 | D:1      | Reached XP level 2. HP: 16/20 MP: 2/2
   242 | D:1      | Reached XP level 3. HP: 14/25 MP: 3/3
   729 | D:2      | Found a hide-covered altar of Uskayaw.
  1085 | D:2      | Noticed Jessica
  1091 | D:2      | Killed Jessica
  1091 | D:2      | Reached XP level 4. HP: 24/30 MP: 4/4
  1178 | D:2      | Reached XP level 5. HP: 18/35 MP: 5/5
  1196 | D:2      | HP: 1/35 [something (1)]
  1581 | D:3      | Reached skill level 5 in Armour
  2229 | D:4      | Reached XP level 6. HP: 37/41 MP: 6/6
  2319 | D:4      | Found a transporter.
  2319 | D:4      | Noticed monokles's ghost (novice DsNe)
  2365 | D:4      | Found a transporter.
  2818 | D:5      | Entered Level 5 of the Dungeon
  2825 | D:5      | Noticed an ogre
  2836 | D:5      | Killed an ogre
  2836 | D:5      | Reached skill level 5 in Long Blades
  2873 | D:5      | Reached XP level 7. HP: 44/45 MP: 7/7
  3572 | D:5      | Reached XP level 8. HP: 53/54 MP: 8/8
  3735 | D:5      | Noticed a slime creature
  3735 | D:5      | Noticed a slime creature
  3735 | D:5      | Noticed a slime creature
  3745 | D:5      | Demolished by a very large slime creature

Levels and vault maps discovered:
D:1:      onia_arrival_pyramid, layout_rooms
D:2:      layout_basic, lemuel_crystal_altar, first_ration, uniq_jessica
D:3:      layout_basic
D:4:      kennysheep_spiral_hall, layout_basic, gammafunk_ghost_mausoleum
D:5:      cheibrodos_fertilizer, layout_loops_ring, serial_bayou_pond_d

Skill      XL: |  1  2  3  4  5  6  7  8 |
---------------+-------------------------+-----
Armour         | 4 5 6 |  6.2
Long Blades    | 3 4 5 6 |  6.6
Fighting       | 3 4 |  4.6
Shields        | |  3.2

Action                   |  1- 3 |  4- 6 |  7- 9 || total
-------------------------+-------+-------+-------++-------
Melee: Long sword        |   113 |   167 |   132 ||   412
Evoke: Wand              |       |     5 |     2 ||     7
  Use: Potion            |       |     3 |       ||     3
  Eat: Chunk             |     1 |     6 |     2 ||     9
       Ration            |       |       |     1 ||     1
Armor: Scale mail        |    43 |    66 |       ||   109
       Ring mail         |       |     7 |    31 ||    38
Dodge: Dodged            |    42 |    63 |    46 ||   151
Block: Shield            |    64 |    87 |    59 ||   210
       Rpst.: Long sword |    18 |    24 |    16 ||    58
